[Event "Team 45 45 League T56"]
[Site "Internet Chess Club"]
[Date "2013.03.21"]
[Round "5"]
[White "rubo"]
[Black "krysto"]
[Result "1-0"]
[WhiteElo "1712"]
[BlackElo "1560"]
[Opening "French: advance, Euwe variation"]
[ECO "C02"]
[Time "23:16:17"]
[TimeControl "2700+45"]

1. e4 e6 2. d4 d5 3. e5 c5 4. c3 Nc6 5. Nf3 Bd7 6. Bd3 cxd4 7. cxd4 Qb6 8. O-O
Nxd4 9. Nxd4 Qxd4 10. Nc3 Ne7 11. Re1 Nc6 12. Nb5 Qb6 13. Be3 Qd8 14. f4 a6 15.
Nd4 Be7 16. Rc1 O-O 17. Qg4 Nxd4 18. Bxd4 f5 19. exf6 Bxf6 20. Bxf6 Qxf6 21. Rc7
Bc6 22. Rxe6 Qd4+ 23. Kh1 Qxb2 24. h3 Rae8 25. Ree7 Rxe7 26. Rxe7 Qc1+ 27. Kh2
Qxf4+ 28. Qxf4 Rxf4 29. Bc2 Rf7 30. Bxh7+ Kxh7 31. Rxf7 Kg6 32. Rf4 Kg5 33. Kg3
g6 34. h4+ Kh5 35. a3 Kh6 36. Rg4 Bd7 37. Rg5 d4 38. Rd5 {Black resigns} 1-0

[Event "Team 45 45 League T56"]
[Site "Internet Chess Club"]
[Date "2013.03.26"]
[Round "5"]
[White "PaulaR"]
[Black "evan7284"]
[Result "1/2-1/2"]
[WhiteElo "1626"]
[BlackElo "1668"]
[Opening "Sicilian: Najdorf"]
[ECO "B90"]
[Time "16:00:29"]
[TimeControl "2700+45"]

1. e4 c5 2. Nf3 d6 3. d4 cxd4 4. Nxd4 Nf6 5. Nc3 a6 6. Bd3 Nc6 7. Nxc6 bxc6 8.
O-O e6 9. Be3 Be7 10. Qe2 O-O 11. Rad1 Qc7 12. Bg5 Bb7 13. Qf3 c5 14. b3 d5 15.
exd5 Nxd5 16. Qh3 g6 17. Bxe7 Qxe7 18. Nxd5 Bxd5 19. Qe3 {Game drawn by mutual
agreement} 1/2-1/2

[Event "Team 45 45 League T56"]
[Site "Internet Chess Club"]
[Date "2013.03.23"]
[Round "5"]
[White "g8wrb"]
[Black "Berke"]
[Result "1-0"]
[WhiteElo "1416"]
[BlackElo "1497"]
[Opening "QGD: Cambridge Springs defense"]
[ECO "D52"]
[Time "06:00:34"]
[TimeControl "2700+45"]

1. d4 d5 2. c4 e6 3. Nc3 Nf6 4. Nf3 Nbd7 5. Bg5 c6 6. e3 Qa5 7. Bd3 Ne4 8. Bxe4
dxe4 9. Ne5 Nxe5 10. dxe5 Qxe5 11. Qd8# {Black checkmated} 1-0

[Event "Team 45 45 League T56"]
[Site "Internet Chess Club"]
[Date "2013.03.27"]
[Round "5"]
[White "xwang1"]
[Black "SlimeDog2"]
[Result "1-0"]
[WhiteElo "2100"]
[BlackElo "2097"]
[Opening "Petrov: Nimzovich attack"]
[ECO "C42"]
[Time "22:02:56"]
[TimeControl "2700+45"]

1. e4 e5 2. Nf3 Nf6 3. Nxe5 d6 4. Nf3 Nxe4 5. Nc3 Nxc3 6. dxc3 Be7 7. Be3 Nc6 8.
Qd2 Be6 9. O-O-O Qd7 10. Kb1 a6 11. Ng5 Bxg5 12. Bxg5 f6 13. Be3 O-O-O 14. b3 d5
15. Be2 h5 16. h4 Bg4 17. f3 Bf5 18. Rhe1 Rhe8 19. Bf1 Ne5 20. Kb2 Qd6 21. Qf2
Ng6 22. g3 Qc6 23. Bd4 Ne5 24. Re2 Nf7 25. Rde1 Nd6 26. Re7 Rxe7 27. Rxe7 Rd7
28. Qe3 Kd8 29. Rxg7 Nc4+ 30. bxc4 Rxg7 31. Qf4 dxc4 32. Qxf5 Rxg3 33. Bxf6+ Ke8
34. Qe5+ {Black resigns} 1-0

[Event "Team 45 45 League T56"]
[Site "Internet Chess Club"]
[Date "2013.03.24"]
[Round "5"]
[White "sonoftill"]
[Black "primerpaso"]
[Result "1-0"]
[WhiteElo "2088"]
[BlackElo "1902"]
[Opening "Queen's bishop game"]
[ECO "A45"]
[Time "16:00:34"]
[TimeControl "2700+45"]

1. d4 Nf6 2. Bf4 d5 3. Nf3 e6 4. e3 Be7 5. Ne5 O-O 6. Bd3 c5 7. c3 b6 8. Nd2 Bb7
9. Qf3 Nc6 10. Qh3 g6 11. Bh6 Re8 12. f4 cxd4 13. exd4 Rc8 14. O-O Qd6 15. Rae1
Bf8 16. Bg5 Bg7 17. Bxf6 Bxf6 18. Nxf7 Kxf7 19. Qxh7+ Bg7 20. Bxg6+ Kf8 21. Bxe8
Rxe8 22. Nf3 Re7 23. Ne5 Ke8 24. Qg6+ Kf8 25. Rf3 Kg8 26. Ref1 Rc7 27. Qe8+
{Black resigns} 1-0

[Event "Team 45 45 League T56"]
[Site "Internet Chess Club"]
[Date "2013.03.24"]
[Round "5"]
[White "cesaralexander"]
[Black "perikitosax"]
[Result "1-0"]
[WhiteElo "2003"]
[BlackElo "1976"]
[Opening "QGD: Tarrasch defense"]
[ECO "D32"]
[Time "10:25:13"]
[TimeControl "2700+45"]

1. d4 d5 2. c4 e6 3. Nc3 c5 4. cxd5 exd5 5. Nf3 Nc6 6. e3 Nf6 7. Be2 a6 8. O-O
c4 9. Ne5 Bd6 10. f4 Bf5 11. g4 Be4 12. g5 Nb4 13. gxf6 gxf6 14. Nxe4 {Black
resigns} 1-0

[Event "Team 45 45 League T56"]
[Site "Internet Chess Club"]
[Date "2013.03.24"]
[Round "5"]
[White "bgolev"]
[Black "CaoCao"]
[Result "0-1"]
[WhiteElo "1810"]
[BlackElo "1876"]
[Opening "Benoni defense"]
[ECO "A56"]
[Time "21:36:45"]
[TimeControl "2700+45"]

1. d4 Nf6 2. c4 c5 3. e3 g6 4. Nc3 Bg7 5. Nf3 O-O 6. Be2 cxd4 7. exd4 d5 8. O-O
Nc6 9. h3 Be6 10. c5 Ne4 11. Be3 Qd7 12. Kh2 h6 13. Qc1 Nxc3 14. Qxc3 Bf5 15. b4
Qc7+ 16. Kh1 e5 17. dxe5 Nxe5 18. Nxe5 Qxe5 19. Qxe5 Bxe5 20. Bxh6 Rfd8 21. Rad1
Be6 22. Bd3 a5 23. b5 Rdc8 24. Rc1 Bd7 25. f4 Bd4 26. f5 gxf5 27. Bxf5 Bxf5 28.
Rxf5 Rxc5 29. Rxc5 Bxc5 30. Rxd5 b6 31. Bg5 Kg7 32. Bf4 Re8 33. Be5+ Kg6 34. Bd4
Re1+ 35. Kh2 Rd1 36. Rxc5 bxc5 37. Bxc5 Rd5 38. Be7 Rxb5 39. a3 Rb3 40. h4 Kh5
41. Kg1 Kg4 42. Kf2 Rb2+ 43. Ke3 Rxg2 44. Bd8 Rg3+ {White resigns} 0-1

[Event "Team 45 45 League T56"]
[Site "Internet Chess Club"]
[Date "2013.03.25"]
[Round "5"]
[White "Chess-Dream"]
[Black "kyoroogi"]
[Result "1/2-1/2"]
[WhiteElo "2150"]
[BlackElo "2051"]
[Opening "English: Neo-Catalan"]
[ECO "A13"]
[Time "17:00:29"]
[TimeControl "2700+45"]

1. Nf3 Nf6 2. c4 e6 3. g3 d5 4. b3 b6 5. Bg2 Bb7 6. O-O Be7 7. Bb2 Nbd7 8. e3
O-O 9. Nc3 Ne4 10. cxd5 Nxc3 11. Bxc3 Bxd5 12. d4 Nf6 13. Ne5 Bxg2 14. Kxg2 Qd5+
15. f3 Rfd8 16. Qe2 a6 17. Rfd1 Qb7 18. e4 Nd7 19. Nc4 c5 20. dxc5 {Game drawn
by mutual agreement} 1/2-1/2

[Event "Team 45 45 League T56"]
[Site "Internet Chess Club"]
[Date "2013.03.20"]
[Round "5"]
[White "alexping"]
[Black "PhoebeXYZ"]
[Result "0-1"]
[WhiteElo "1919"]
[BlackElo "2094"]
[Opening "Dutch defense"]
[ECO "A40"]
[Time "11:06:47"]
[TimeControl "2700+45"]

1. d4 e6 2. c4 f5 3. Nf3 Nf6 4. Nc3 Bb4 5. e3 O-O 6. Bd3 b6 7. Qb3 Bxc3+ 8. Qxc3
Bb7 9. b4 a5 10. b5 Ne4 11. Qc2 d6 12. O-O Nd7 13. Ba3 Rf6 14. Nd2 Nxd2 15. Qxd2
Rg6 16. f3 Qg5 17. Rf2 Rf8 18. f4 Qh4 19. c5 dxc5 20. dxc5 Nxc5 21. Bxc5 bxc5
22. Qxa5 Rh6 23. g3 Qxg3+ 24. Kf1 Rxh2 25. Rxh2 Qxh2 26. Rd1 Qh1+ {White
resigns} 0-1

[Event "Team 45 45 League T56"]
[Site "Internet Chess Club"]
[Date "2013.03.24"]
[Round "5"]
[White "Freitac"]
[Black "bobhill"]
[Result "1-0"]
[WhiteElo "1903"]
[BlackElo "1856"]
[Opening "Catalan: closed, main line"]
[ECO "E09"]
[Time "15:08:53"]
[TimeControl "2700+45"]

1. d4 d5 2. c4 e6 3. Nf3 Be7 4. g3 Nf6 5. Bg2 c6 6. O-O O-O 7. Qc2 Nbd7 8. Nbd2
b6 9. e4 dxe4 10. Nxe4 Nxe4 11. Qxe4 Bb7 12. Rd1 Nf6 13. Qc2 h6 14. Ne5 Qc8 15.
Bf4 c5 16. dxc5 Bxg2 17. Kxg2 Bxc5 18. Rd3 Qb7+ 19. f3 Rac8 20. Rad1 b5 21. Nd7
Nxd7 22. Rxd7 Qa6 23. cxb5 Qxa2 24. Rc7 Rxc7 25. Bxc7 Be7 26. Be5 Bf6 27. Bxf6
gxf6 28. Rd4 f5 29. Qd2 Kg7 30. Rh4 Rh8 31. Qc3+ f6 32. Rd4 Kg6 33. Rd7 Rg8 34.
Kh3 Qa1 35. Qd3 Qxb2 36. Rxa7 Qf2 37. Rc7 Kh5 38. Rc2 Qe1 39. Rb2 Rg5 40. f4 Rg4
41. b6 Qg1 42. Qf3 Qc1 43. Qg2 Qc3 44. Qe2 Kg6 45. b7 h5 46. b8=Q h4 47. Qg8+
Kh6 48. Qh8+ Kg6 49. Qg8+ Kh6 50. Qgxg4 fxg4+ 51. Kxg4 e5 52. Kxh4 Qc7 53. Qh5+
Kg7 54. Qf3 Qd8 55. Rb7+ Kf8 56. Qb3 f5+ 57. Kh3 Qf6 58. Qa3+ {Black resigns}
1-0

[Event "Team 45 45 League T56"]
[Site "Internet Chess Club"]
[Date "2013.03.21"]
[Round "5"]
[White "misuc56"]
[Black "Innes"]
[Result "1-0"]
[WhiteElo "1779"]
[BlackElo "1639"]
[Opening "QGD Slav defense"]
[ECO "D10"]
[Time "14:00:39"]
[TimeControl "2700+45"]

1. d4 d5 2. c4 c6 3. e3 Bf5 4. Nc3 e6 5. Nf3 Nd7 6. Bd2 h6 7. c5 Ngf6 8. Be2 Be7
9. h3 a6 10. O-O Qc7 11. b4 b5 12. cxb6 Qxb6 13. a3 O-O 14. Na4 Qb7 15. Rc1 Ne4
16. Be1 Nb6 17. Nxb6 Qxb6 18. Ne5 Rfc8 19. Qa4 f6 20. Nxc6 Bf8 21. f3 Nd6 22.
Bf2 Nc4 23. Bxc4 dxc4 24. Na5 Bd3 25. Rfe1 Bd6 26. Rc3 e5 27. Rec1 exd4 28. exd4
Bf4 29. Re1 Bd2 30. Rec1 Bxc3 31. Rxc3 Qe6 32. Nb7 Qc6 33. Qxc6 Rxc6 34. Nc5 a5
35. bxa5 Rcc8 36. a6 Rxc5 37. dxc5 Rxa6 38. Be3 g5 39. Kf2 Kf7 40. h4 Ke6 41.
hxg5 hxg5 42. f4 gxf4 43. Bxf4 f5 44. Bd6 Kd5 45. Ke3 Ra4 46. g3 Be4 47. Be7 Bd3
48. Kd2 Be4 49. Kc1 Bd3 50. Kb2 Be4 51. Rc1 Ra7 52. Bd6 Bd3 53. Re1 Be4 54. Ra1
Ra4 55. Kc3 Bd3 56. Ra2 Ke4 57. c6 Ra8 58. c7 Kd5 59. Bf4 Kc6 60. a4 Kd7 61. a5
Rc8 62. a6 Be4 63. Ra5 Ba8 64. Kxc4 Be4 65. a7 Ra8 66. Kd4 Rc8 67. Kc5 Bf3 68.
Kb6 Be4 69. Ra4 Ba8 70. Rd4+ Ke8 71. Bg5 {Black resigns} 1-0

[Event "Team 45 45 League T56"]
[Site "Internet Chess Club"]
[Date "2013.03.25"]
[Round "5"]
[White "RD1974"]
[Black "evan7284"]
[Result "0-1"]
[WhiteElo "1627"]
[BlackElo "1670"]
[Opening "Sicilian: closed, 6.Be3"]
[ECO "B26"]
[Time "17:00:27"]
[TimeControl "2700+45"]

1. e4 c5 2. Nc3 d6 3. d3 Nc6 4. Be3 g6 5. g3 Bg7 6. Bg2 Nf6 7. h3 a6 8. Nf3 Qc7
9. Qd2 b5 10. e5 dxe5 11. Nxe5 Bb7 12. Nxc6 Bxc6 13. Bxc6+ Qxc6 14. O-O O-O 15.
Bh6 Rad8 16. Bxg7 Kxg7 17. Qe2 Rfe8 18. Rad1 Rd7 19. Qe5 Qd6 20. Rfe1 Kg8 21.
Re3 b4 22. Na4 c4 23. Nc5 Qxe5 24. Rxe5 Rd6 25. Nb7 Rd7 26. Na5 cxd3 27. cxd3
Rc8 28. Rd2 Rc1+ 29. Kg2 e6 30. Nb3 Rc8 31. Nc5 Rd6 32. Nb7 Rdc6 33. Na5 Rc2 34.
Rxc2 Rxc2 35. Nc4 Nd5 36. Kf3 Kg7 37. Re2 Rc1 38. a3 bxa3 39. Nxa3 Rd1 40. Ke4
f5+ 41. Ke5 Kf7 42. d4 Rc1 43. Nc2 Rb1 44. Kd6 Rxb2 45. Kc5 Nb4 46. d5 exd5 47.
Kd6 Rxc2 48. Re7+ Kf6 49. Re6+ Kg5 50. f4+ Kh5 51. Re7 h6 52. Rb7 Rc6+ 53. Ke5
a5 54. Rb5 Rc3 55. g4+ fxg4 56. hxg4+ Kxg4 57. Kf6 Rc6+ 58. Ke5 Ra6 59. Rb7 h5
60. Rg7 a4 61. f5 Kg5 62. Rb7 Nd3+ 63. Kxd5 gxf5 64. Kd4 a3 65. Rg7+ Kf6 66. Rg1
a2 67. Ra1 Nc1 68. Kc3 h4 69. Kb2 h3 70. Kxc1 h2 71. Kb2 Kg5 {White resigns} 0-1

[Event "Team 45 45 League T56"]
[Site "Internet Chess Club"]
[Date "2013.03.27"]
[Round "5"]
[White "g8wrb"]
[Black "speederz"]
[Result "1-0"]
[WhiteElo "1405"]
[BlackElo "1433"]
[Opening "QGD Slav: 4.Nc3"]
[ECO "D15"]
[Time "16:04:41"]
[TimeControl "2700+45"]

1. d4 d5 2. c4 c6 3. Nc3 Nf6 4. Nf3 Bf5 5. Bg5 e6 6. e3 h6 7. Bh4 Nbd7 8. h3 Qb6
9. Qb3 Qb4 10. Be2 Ne4 11. O-O Nxc3 12. bxc3 Qxb3 13. axb3 Bc2 14. cxd5 cxd5 15.
Bd1 Bxd1 16. Rfxd1 a6 17. c4 dxc4 18. bxc4 b6 19. Rdb1 Bd6 20. Nd2 a5 21. Ne4
Bc7 22. Kf1 O-O 23. Be7 Rfe8 24. Bd6 Bxd6 25. Nxd6 Reb8 26. Ke2 Kf8 27. Kd3 Ke7
28. Nb5 e5 29. Ke4 f6 30. Kd5 Rc8 31. f3 exd4 32. exd4 Rd8 33. g4 Rac8 34. Re1+
Kf8 35. Rec1 Nc5+ 36. Nd6 Nb3 37. Rab1 Nxc1 38. Rxc1 Rc6 39. Kxc6 a4 40. Nb5 a3
41. Nxa3 Rxd4 42. Rc3 {Black resigns} 1-0

[Event "Team 45 45 League T56"]
[Site "Internet Chess Club"]
[Date "2013.03.23"]
[Round "5"]
[White "BotanicalKnight"]
[Black "matthewc"]
[Result "1-0"]
[WhiteElo "1459"]
[BlackElo "1336"]
[Opening "Sicilian: closed"]
[ECO "B24"]
[Time "20:01:51"]
[TimeControl "2700+45"]

1. e4 c5 2. Nc3 Nc6 3. g3 d6 4. Bg2 Nf6 5. d3 g6 6. f4 Bg7 7. Nf3 O-O 8. h3 d5
9. e5 Nh5 10. Ne2 Bh6 11. g4 Nxf4 12. Bxf4 Bxf4 13. Nxf4 e6 14. O-O Nd4 15. c3
Nxf3+ 16. Qxf3 f5 17. exf6 Rxf6 18. g5 Rf5 19. Qe3 Qxg5 20. Rf3 b6 21. Raf1 Bd7
22. Rg3 Qh6 23. Ne2 g5 24. Rxf5 exf5 25. Rxg5+ Kf7 26. Bxd5+ Kf6 27. Rxf5+ Bxf5
28. Qxh6+ Ke5 29. Bxa8 Bxd3 30. Qe3+ Kf6 31. Qxd3 c4 32. Qxc4 b5 33. Qxb5 a6 34.
Qd5 a5 35. c4 a4 36. a3 h5 37. c5 h4 38. c6 Kg6 39. c7 Kg7 40. c8=Q Kh6 41. b3
Kg7 42. Qcc6 axb3 43. Qdd7+ Kf8 44. Qcc8# {Black checkmated} 1-0

[Event "Team 45 45 League T56"]
[Site "Internet Chess Club"]
[Date "2013.03.21"]
[Round "5"]
[White "Fulmar"]
[Black "kingsrook"]
[Result "1-0"]
[WhiteElo "1212"]
[BlackElo "1278"]
[Opening "Sicilian: Anderssen variation"]
[ECO "B41"]
[Time "13:02:16"]
[TimeControl "2700+45"]

1. e4 c5 2. Nf3 e6 3. d4 cxd4 4. Nxd4 Nf6 5. Nc3 Nc6 6. Nxc6 bxc6 7. e5 Nd5 8.
Ne4 Qc7 9. f4 Qb6 10. Qf3 Be7 11. c3 O-O 12. Bd3 Rb8 13. a3 Ba6 14. c4 Nc7 15.
Qe3 Qxe3+ 16. Bxe3 Rxb2 17. O-O Rb3 18. Bc5 Rxd3 19. Bxe7 Re8 20. Bc5 Ra8 21.
Nd6 g6 22. Rfb1 Kg7 23. h4 Ne8 24. Rb4 Nxd6 25. Bxd6 Rd4 26. g3 Rxc4 27. Rb2 h5
28. Kh2 Bb5 29. Kh3 Rd8 30. g4 {Black forfeits on time} 1-0

[Event "Team 45 45 League T56"]
[Site "Internet Chess Club"]
[Date "2013.03.22"]
[Round "5"]
[White "rom1"]
[Black "badmove"]
[Result "1/2-1/2"]
[WhiteElo "1507"]
[BlackElo "1647"]
[Opening "QGD Slav: Winawer counter-gambit"]
[ECO "D10"]
[Time "09:03:47"]
[TimeControl "2700+45"]

1. d4 d5 2. c4 c6 3. Nc3 e5 4. dxe5 d4 5. Ne4 Qa5+ 6. Bd2 Qxe5 7. Ng3 Nf6 8. Nf3
Qd6 9. Qc2 Be7 10. O-O-O O-O 11. Ne4 Nxe4 12. Qxe4 Qe6 13. Qd3 c5 14. Ng5 Qg6
15. h4 Qxd3 16. exd3 Nd7 17. Re1 Bf6 18. g3 a6 19. Bg2 Ra7 20. Ne4 Be7 21. Bf4
b5 22. Nd6 Nf6 23. Nxc8 Rxc8 24. Bh3 Rd8 25. b3 h6 26. g4 Bd6 27. Bd2 bxc4 28.
bxc4 Rb7 29. Kc2 a5 30. Rb1 Rdb8 31. g5 hxg5 32. hxg5 {Game drawn by mutual
agreement} 1/2-1/2

[Event "Team 45 45 League T56"]
[Site "Internet Chess Club"]
[Date "2013.03.21"]
[Round "5"]
[White "houseofcook"]
[Black "Tjet"]
[Result "1/2-1/2"]
[WhiteElo "1483"]
[BlackElo "1479"]
[Opening "Philidor: exchange variation"]
[ECO "B07"]
[Time "15:00:44"]
[TimeControl "2700+45"]

1. e4 d6 2. d4 e5 3. Nf3 exd4 4. Qxd4 Nc6 5. Bb5 Bd7 6. Bxc6 Bxc6 7. Nc3 Qf6 8.
O-O Qxd4 9. Nxd4 a6 10. Nxc6 bxc6 11. Re1 f6 12. Bf4 g5 13. Bd2 Ne7 14. Rad1
O-O-O 15. f4 gxf4 16. Bxf4 Ng6 17. Bc1 Ne5 18. Rf1 Be7 19. Rd4 Kb7 20. Rb4+ Ka7
21. Be3+ c5 22. Rb3 c6 23. h3 Nc4 24. Re1 Nxe3 25. Rxe3 Rb8 26. Ne2 {Game drawn
by mutual agreement} 1/2-1/2

[Event "Team 45 45 League T56"]
[Site "Internet Chess Club"]
[Date "2013.03.27"]
[Round "5"]
[White "stanbeers"]
[Black "MateIn42"]
[Result "1/2-1/2"]
[WhiteElo "1519"]
[BlackElo "1344"]
[Opening "Queen's Indian defense"]
[ECO "A47"]
[Time "20:05:07"]
[TimeControl "2700+45"]

1. d4 Nf6 2. Nf3 b6 3. c4 Bb7 4. e3 e6 5. Bd3 Be7 6. O-O O-O 7. Nbd2 d5 8. b3 c5
9. Qc2 Nc6 10. a3 cxd4 11. exd4 Rc8 12. Qb1 dxc4 13. bxc4 g6 14. Bb2 Re8 15. Re1
Bf8 16. h3 Bg7 17. Qd1 Nd7 18. Rb1 Nc5 19. Nb3 Nxb3 20. Qxb3 Nxd4 21. Nxd4 Bxd4
22. Bxd4 Qxd4 23. Rbd1 Qf6 24. Be4 Bxe4 {Game drawn by mutual agreement} 1/2-1/2

[Event "Team 45 45 League T56"]
[Site "Internet Chess Club"]
[Date "2013.03.23"]
[Round "5"]
[White "Visin"]
[Black "wekabird"]
[Result "1-0"]
[WhiteElo "1268"]
[BlackElo "1170"]
[Opening "Caro-Kann: classical variation"]
[ECO "B18"]
[Time "17:00:09"]
[TimeControl "2700+45"]

1. e4 c6 2. d4 d5 3. Nc3 dxe4 4. Nxe4 Bf5 5. Ng3 Bg6 6. c3 Nf6 7. Nf3 h6 8. Bc4
e6 9. Bd2 Be7 10. O-O O-O 11. Re1 Nbd7 12. Bb3 a5 13. Bc2 Bxc2 14. Qxc2 b5 15.
a3 Nb6 16. b3 a4 17. Ne5 Rc8 18. b4 Nfd7 19. Rad1 Nxe5 20. dxe5 Qc7 21. f4 Nc4
22. Bc1 Rfd8 23. Ne4 Rxd1 24. Rxd1 Qb6+ 25. Kh1 Ne3 26. Bxe3 Qxe3 27. g3 Qb6 28.
c4 bxc4 29. Qxc4 Qc7 30. Nc5 Bxc5 31. Qxc5 Rd8 32. Rxd8+ Qxd8 33. Qxc6 Qd1+ 34.
Kg2 Qb3 35. b5 Qxa3 36. b6 Qb2+ 37. Kh3 Qb1 38. b7 Qf1+ 39. Kh4 Qg2 40. Qxg2
{Black resigns} 1-0

[Event "Team 45 45 League T56"]
[Site "Internet Chess Club"]
[Date "2013.03.24"]
[Round "5"]
[White "nanning"]
[Black "rahulr"]
[Result "0-1"]
[WhiteElo "1604"]
[BlackElo "1599"]
[Opening "Catalan opening"]
[ECO "E00"]
[Time "12:02:06"]
[TimeControl "2700+45"]

1. d4 Nf6 2. c4 e6 3. g3 c5 4. d5 exd5 5. cxd5 d6 6. Nc3 g6 7. e4 Bg7 8. Bg2 O-O
9. Nge2 Nbd7 10. O-O Nb6 11. Bf4 a6 12. Rb1 Re8 13. b4 Nh5 14. bxc5 Nxf4 15.
cxb6 Nxg2 16. Kxg2 Bd7 17. Qd3 Qc8 18. Rfc1 Qd8 19. Nd4 Qf6 20. Nce2 Rac8 21.
Rc7 Rxc7 22. bxc7 b5 23. Rc1 Rc8 24. Qa3 Qe7 25. f3 Be8 26. Qxa6 Rxc7 27. Nc6
Qd7 28. Qxb5 Rb7 29. Qa6 Bh6 30. Nf4 Rb2+ 31. Kg1 Bxf4 32. Qf1 Bxc1 33. Qxc1 Qb7
34. Ne7+ Kf8 35. Nxg6+ hxg6 36. Qh6+ Kg8 {White resigns} 0-1

[Event "Team 45 45 League T56"]
[Site "Internet Chess Club"]
[Date "2013.03.25"]
[Round "5"]
[White "Check101"]
[Black "tryanything"]
[Result "0-1"]
[WhiteElo "1585"]
[BlackElo "1565"]
[Opening "French: advance, Paulsen attack"]
[ECO "C02"]
[Time "20:19:21"]
[TimeControl "2700+45"]

1. e4 e6 2. d4 d5 3. e5 c5 4. c3 Nc6 5. Nf3 Qb6 6. Be2 Nge7 7. dxc5 Qxc5 8. Be3
Qa5 9. O-O Ng6 10. Bd4 Be7 11. Re1 O-O 12. Bd3 Nxd4 13. cxd4 Bd7 14. Nc3 Rac8
15. Rc1 a6 16. a3 Rc7 17. b4 Qxa3 18. Nxd5 Rxc1 19. Nxe7+ Nxe7 20. Qxc1 Qxc1 21.
Rxc1 Rc8 22. Rxc8+ Nxc8 23. Nd2 Bc6 24. f4 Ne7 25. g4 Nd5 26. f5 Nxb4 27. Bb1
Nd5 28. Nc4 g6 29. Nd6 gxf5 30. gxf5 Nc3 31. Bd3 exf5 32. Bxf5 Ne2+ 33. Kf2 Nxd4
34. Bc8 a5 35. Nxb7 Bxb7 36. Bxb7 a4 37. Bd5 a3 38. Ke3 Nc2+ 39. Kd2 Nb4 40. Bb3
a2 41. Bxa2 Nxa2 42. Ke3 Kg7 43. Kf4 Kg6 44. Kg4 Nb4 45. h4 h5+ 46. Kf4 Nd5+ 47.
Ke4 Nc7 48. Kf4 Ne6+ 49. Ke4 Ng7 50. Kf4 Nf5 51. Ke4 Nxh4 52. Kf4 Nf5 53. Ke4
Kg5 {White resigns} 0-1

[Event "Team 45 45 League T56"]
[Site "Internet Chess Club"]
[Date "2013.03.23"]
[Round "5"]
[White "seattleblues"]
[Black "theartist"]
[Result "1-0"]
[WhiteElo "1411"]
[BlackElo "1126"]
[Opening "Queen's pawn game"]
[ECO "A46"]
[Time "05:33:20"]
[TimeControl "2700+45"]

1. d4 Nf6 2. Nf3 e6 3. Bf4 c5 4. e3 Qb6 5. b3 d5 6. c3 Bd6 7. Bg3 Bxg3 8. hxg3
cxd4 9. cxd4 Nc6 10. Nbd2 O-O 11. Rc1 Bd7 12. Bd3 Nb4 13. Bb1 Rac8 14. Rxc8 Rxc8
15. Ne5 Bb5 16. Ndf3 h6 17. g4 Ne4 18. Bxe4 dxe4 19. Nd2 Nd3+ 20. Nxd3 Bxd3 21.
f4 Qc6 22. Kf2 Qc2 23. Qxc2 Rxc2 24. Rd1 Rxa2 25. Kg3 Rb2 26. Kf2 a5 27. Ke1 a4
28. bxa4 f5 29. gxf5 exf5 30. Ra1 b5 31. a5 Rb4 32. a6 Rc4 33. Nxc4 Bxc4 34. a7
Bd5 35. a8=Q+ Bxa8 36. Rxa8+ Kf7 37. Rb8 g5 38. fxg5 hxg5 39. Rxb5 Kg6 40. d5 f4
41. d6 f3 42. gxf3 exf3 43. Kf2 g4 44. d7 {Black resigns} 1-0

[Event "Team 45 45 League T56"]
[Site "Internet Chess Club"]
[Date "2013.03.25"]
[Round "5"]
[White "Bible-Believer"]
[Black "krysto"]
[Result "0-1"]
[WhiteElo "1554"]
[BlackElo "1576"]
[Opening "French: classical, Steinitz variation"]
[ECO "C14"]
[Time "22:12:36"]
[TimeControl "2700+45"]

1. e4 e6 2. d4 d5 3. Nc3 Nf6 4. Bg5 Be7 5. e5 Nfd7 6. Bxe7 Qxe7 7. f4 a6 8. Nf3
c5 9. Be2 b5 10. a3 Nc6 11. O-O cxd4 12. Nxd4 Qc5 13. Bxb5 Qxd4+ 14. Qxd4 Nxd4
15. Ba4 Ke7 16. Rad1 Nb5 17. Nxb5 axb5 18. Bxb5 Rb8 19. a4 Nc5 20. b4 Ne4 21.
Rf3 Rd8 22. Rd4 f5 23. Bd3 Bd7 24. a5 Nc3 25. Bf1 Nb5 26. Rd1 Rdc8 27. Rf2 Nc3
28. Ra1 Rxb4 29. a6 Ra8 30. Rf3 Nb5 31. Rg3 g6 32. Rh3 h5 33. Rg3 Kf7 34. c3 Rb3
35. Be2 Rxc3 36. Bxb5 Rxg3 37. Bxd7 Rc3 38. Kf2 Ra7 39. Ke2 {White resigns} 0-1

[Event "Team 45 45 League T56"]
[Site "Internet Chess Club"]
[Date "2013.03.25"]
[Round "5"]
[White "Berke"]
[Black "palm47"]
[Result "0-1"]
[WhiteElo "1439"]
[BlackElo "1541"]
[Opening "Robatsch (modern) defense"]
[ECO "B06"]
[Time "14:00:41"]
[TimeControl "2700+45"]

1. e4 g6 2. d4 Bg7 3. Nf3 d6 4. Bc4 Nf6 5. Qe2 O-O 6. O-O Nc6 7. c3 Bg4 8. h3
Bxf3 9. Qxf3 e5 10. d5 Ne7 11. Bg5 Nd7 12. Nd2 h6 13. Bxe7 Qxe7 14. Qe3 c6 15.
dxc6 bxc6 16. Rad1 Nb6 17. Bb3 d5 18. Kh1 f5 19. exd5 Nxd5 20. Qg3 g5 21. Rfe1
e4 {White resigns} 0-1

[Event "Team 45 45 League T56"]
[Site "Internet Chess Club"]
[Date "2013.03.24"]
[Round "5"]
[White "chesskix"]
[Black "Elalfer"]
[Result "0-1"]
[WhiteElo "1368"]
[BlackElo "1421"]
[Opening "English: symmetrical, four knights system"]
[ECO "A35"]
[Time "19:00:31"]
[TimeControl "2700+45"]

1. c4 c5 2. Nc3 Nc6 3. Nf3 Nf6 4. g3 e6 5. Bg2 d5 6. b3 Be7 7. O-O O-O 8. e3 d4
9. Ne2 e5 10. d3 Qc7 11. Nd2 Bf5 12. Ne4 Nxe4 13. dxe4 Bg4 14. h3 Bh5 15. g4 Bg6
16. Ng3 Rad8 17. Qf3 Rd7 18. Nf5 Rfd8 19. Bd2 b6 20. Nxe7+ Rxe7 21. h4 dxe3 22.
Bxe3 h6 23. h5 Bh7 24. g5 Nd4 25. Bxd4 Rxd4 26. Qe3 hxg5 27. Qxg5 Re6 28. Rad1
Qe7 29. Qg4 Red6 30. Rxd4 Rxd4 31. Qe2 Qg5 32. Kh1 Rd2 33. Qf3 Rxa2 34. Qh3 Rd2
35. Qc8+ Qd8 36. Qg4 Kf8 37. f4 exf4 38. Qxf4 Qd7 39. h6 Rd6 40. hxg7+ Kxg7 41.
e5 Rd4 42. Qf6+ Kg8 43. Qg5+ Bg6 44. Kg1 Rg4 45. e6 Qd4+ 46. Kh1 Rxg5 47. e7
Rh5+ 48. Bh3 Rxh3+ 49. Kg2 Qg4+ 50. Kf2 Rf3+ {White resigns} 0-1

[Event "Team 45 45 League T56"]
[Site "Internet Chess Club"]
[Date "2013.03.25"]
[Round "5"]
[White "tamky70"]
[Black "KidRattler"]
[Result "1-0"]
[WhiteElo "1432"]
[BlackElo "1450"]
[Opening "Caro-Kann: advance variation"]
[ECO "B12"]
[Time "09:30:24"]
[TimeControl "2700+45"]

1. e4 c6 2. d4 d5 3. e5 Bf5 4. Bd3 Bxd3 5. Qxd3 e6 6. Nf3 Be7 7. Nbd2 Na6 8. c3
Qd7 9. O-O O-O-O 10. Nb3 h6 11. Be3 Kc7 12. Nc5 Nxc5 13. dxc5 a6 14. b4 Rb8 15.
Rfd1 Qe8 16. a4 f6 17. Nd4 Qd7 18. Nf3 Qe8 19. Bf4 f5 20. Nd4 Qd7 21. c4 g5 22.
Bd2 Rd8 23. Bc3 Bf8 24. cxd5 cxd5 25. c6 bxc6 26. Qxa6 Kb8 27. Nxc6+ Kc7 28. b5
Re8 29. Ba5# {Black checkmated} 1-0

[Event "Team 45 45 League T56"]
[Site "Internet Chess Club"]
[Date "2013.03.26"]
[Round "5"]
[White "seattleblues"]
[Black "Fulmar"]
[Result "1-0"]
[WhiteElo "1408"]
[BlackElo "1198"]
[Opening "Queen's pawn, Mason variation"]
[ECO "D00"]
[Time "20:03:38"]
[TimeControl "2700+45"]

1. d4 d5 2. Bf4 e6 3. e3 Nf6 4. Nd2 Bd6 5. Bg3 O-O 6. Bd3 c5 7. c3 c4 8. Bc2 b5
9. Ngf3 Nc6 10. Ne5 Bb7 11. Ndf3 Qb6 12. Ng5 h6 13. Nh3 b4 14. Nd7 Nxd7 15. Bxd6
Rfd8 16. Bf4 Na5 17. Qg4 Nf6 18. Qh4 b3 19. Bd1 Kh7 20. Bxh6 gxh6 21. Qxf6 Rd7
22. Nf4 Qd8 23. Nh5 Qg8 24. Qf3 Kh8 25. Nf6 Qd8 26. Qf4 Kg7 27. Nxd7 Qxd7 28. a3
Re8 29. Bg4 f5 30. Bh5 Re7 31. h4 Nc6 32. Rh3 Kh7 33. Rg3 e5 34. Bg6+ Kh8 35.
Qxh6+ Kg8 36. Bxf5+ Rg7 37. Bxd7 Nxd4 38. Qxg7# {Black checkmated} 1-0